 Dungeon Crawl Stone Soup version 0.27-a0-1196-g3e9cee4cb2 (webtiles) character file.

Game seed: 12704481862065959637

120 senseless the Bolt Thrower (level 5, -12/32 HPs)
             Began as a Kobold Hunter on May 27, 2021.
             Mangled by an orc priest
             ... wielding a +0 war axe of electrocution
              (19 damage)
             ... on level 3 of the Dungeon.
             The game lasted 00:07:18 (2207 turns).

senseless the Bolt Thrower (Kobold Hunter)          Turns: 2207, Time: 00:07:19

Health: -12/32     AC:  4    Str:  9    XL:     5   Next: 25%
Magic:  0/5        EV: 15    Int: 12    God:
Gold:   108        SH:  0    Dex: 17    Spells: 4/4 levels left

rFire    . . .     SeeInvis .   b - +3 whip
rCold    . . .     Faith    .   (shield restricted)
rNeg     . . .     Spirit   +   c - +1 leather armour
rPois    .         Reflect  .   (no helmet)
rElec    .         Harm     .   (no cloak)
rCorr    .         Rampage  .   (no gloves)
Will     .....                  (no boots)
Stlth    +++.......             f - amulet of guardian spirit
HPRegen  0.10/turn              (no ring)
MPRegen  0.09/turn              (no ring)

@: no status effects
A: small, no large weapons, nightstalker 3
a: no special abilities


You were on level 3 of the Dungeon.
You visited 1 branch of the dungeon, and saw 3 of its levels.

You collected 108 gold pieces.

Inventory:

Hand Weapons
 a - a +1 hand crossbow
 b - a +3 whip (weapon)
Missiles
 d - 4 bolts
Armour
 c - a +1 leather armour (worn)
Jewellery
 f - an amulet of guardian spirit (around neck)
Potions
 e - 2 potions of haste
 i - a potion of curing {unknown}


   Skills:
 * Level 3.4 Fighting
 + Level 1.0 Maces & Flails
 + Level 5.6 Crossbows
 + Level 3.3 Dodging
 + Level 2.8 Stealth


You had 4 spell levels left.
You didn't know any spells.
Your spell library was empty.

Dungeon Overview and Level Annotations

Branches:
Dungeon (3/15)

Altars:

Shops:
D:2 (


Innate Abilities, Weirdness & Mutations

You are small and have problems with some larger weapons.
You are completely attuned to the shadows.


Message History

You shoot a bolt. The bolt hits the orc!
You kill the orc!
A goblin comes into view. It is wielding a +0 club.
You shoot a bolt. The bolt barely misses the goblin.
The goblin shouts!
The goblin closely misses you.
You shoot a bolt. The bolt hits the goblin.
You kill the goblin!
You hear the rusting of a very distant drain.
You hear the rusting of a very distant drain.
An orc priest is nearby!
You shoot a bolt. The bolt closely misses the orc priest.
The orc priest shouts!
The orc priest barely misses you.
You shoot a bolt. The bolt closely misses the orc priest.
The orc priest mumbles some strange prayers to Beogh against you.
Beogh smites you!
You shoot a bolt. The bolt barely misses the orc priest.
The orc priest hits you with a +0 war axe of electrocution!
You are too injured to fight recklessly!
b - a +3 whip (weapon)
The orc priest barely misses you.
You are too injured to fight recklessly!
You are too injured to fight recklessly!
You hit the orc priest.
The orc priest is moderately wounded.
The orc priest misses you.
You hit the orc priest.
The orc priest is severely wounded.
The orc priest hits you with a +0 war axe of electrocution.
You hit the orc priest.
The orc priest is severely wounded.
The orc priest closely misses you.
You hit the orc priest.
The orc priest is almost dead.
The orc priest hits you with a +0 war axe of electrocution.
* * * LOW HITPOINT WARNING * * *
You are electrocuted!!
Ouch! That really hurt!
You die...

o.(..#
...)(#
...))###
#.().#
####)###
#)..# ###(#
#######o#
#.....@.#
###.#######
#<#.# #.#.#
#...# #####


You could see an orc priest.

Vanquished Creatures
  An orc wizard (D:3)
  Robin (D:3)
  3 adders (D:2)
  2 worms (D:2)
  A dart slug (D:2)
  2 orcs (D:3)
  A ball python (D:2)
  A bat (D:2)
  4 endoplasms
  3 giant cockroaches
  11 goblins
  7 hobgoblins
  2 kobolds (D:1)
  5 frilled lizards
  A rat (D:1)
45 creatures vanquished.

Vanquished Creatures (others)
  4 plants (D:2)
4 creatures vanquished.

Grand Total: 49 creatures vanquished

Notes
Turn   | Place    | Note
-------+----------+-------------------------------------------
     0 | D:1      | senseless the Kobold Hunter began the quest for the Orb.
     0 | D:1      | Reached XP level 1. HP: 12/12 MP: 1/1
    58 | D:1      | Reached skill level 5 in Crossbows
   218 | D:1      | Reached XP level 2. HP: 17/17 MP: 2/2
   909 | D:2      | Reached XP level 3. HP: 22/22 MP: 3/3
  1109 | D:2      | Found a faded altar of an unknown god.
  1297 | D:2      | Reached XP level 4. HP: 27/27 MP: 4/4
  1353 | D:2      | Found Jyqihat's Antique Weapon Emporium.
  2008 | D:3      | Noticed Robin
  2012 | D:3      | Killed Robin
  2034 | D:3      | Reached skill level 1 in Maces & Flails
  2034 | D:3      | Reached XP level 5. HP: 12/32 MP: 2/5
  2207 | D:3      | Mangled by an orc priest

Illustrated notes

Levels and vault maps discovered:
D:1:      onia_arrival_mini_spirals, layout_loops_ring, minivault_11
D:2:      kennysheep_six_static_rooms, layout_basic, serial_shops, shop,
          chequers_ecumenical_altar_lobes
D:3:      layout_basic, okawaru_trees_2, xom_teletrap_fun, serial_shops,
          nicolae_shop_behind_doors, cheibrodos_sewer_entry_bend,
          amcnicky_altar_lugonu_corruption, uniq_ijyb, uniq_robin

Skill      XL: |  1  2  3  4 |
---------------+-------------+-----
Crossbows      | 5 |  5.6
Dodging        | 3 |  3.3
Stealth        | 2 |  2.8
Fighting       | 3 |  3.4
Maces & Flails | 1 |  1.0

Action                   |  1- 3 |  4- 6 || total
-------------------------+-------+-------++-------
Melee: Short sword       |     2 |       ||     2
       Whip              |     7 |    42 ||    49
 Fire: Hand crossbow     |    46 |    36 ||    82
  Use: Scroll            |     1 |     2 ||     3
Armor: Leather armour    |     2 |    11 ||    13
Dodge: Dodged            |    10 |    23 ||    33

Table legend: (Time is in decaauts)
 A = Elapsed time spent in this place.
 B = Non-inter-level travel time spent in this place.
 C = Inter-level travel time spent in this place.
 D = Time resting spent in this place.
 E = Time spent auto-exploring this place.
 F = Levels seen in this place.
 G = Mean time per level.
                   A        B        C        D        E       F      G
               +--------+--------+--------+--------+--------+-----+--------+
         Total |   2221 |   2173 |     48 |     32 |   1890 |   3 |  740.3 |
       Dungeon |   2221 |   2173 |     48 |     32 |   1890 |   3 |  740.3 |
               +--------+--------+--------+--------+--------+-----+--------+

Top non-repeatable levels by time:
     D:2: 1066 daAuts
     D:1: 883 daAuts
     D:3: 271 daAuts
